AoeStats
← cihuncihome

Black Forest

510440149Analyzed
4v4 RM · 15h ago on Oct 1, 2026· 90m 24s· 8 players
Game mode
Random Map
Map size
Large (8 player)
Population
200
Speed
Normal
Resources
Standard
Victory
Conquest
Starting age
Dark Age
Ending age
Imperial Age
RankedLock teamsTeams togetherTeam positionsShared explorationLock speedFull tech treeHidden civsTurbo modeCheats
Victory
Defeat
🇨🇳 Magyars · China
1105
+12
🇹🇼 Huns · Taiwan
1084
+12
🇺🇸 Saxons · United States
1082
+13
🇨🇦 Khmer · Canada
1064
+13
🇺🇸 Hindustanis · United States
1059
-14
1007
-13
🇧🇷 Romans · Brazil
996
-12
🇨🇴 Franks · Colombia
964
-11
FELIPE41
0:38 Loom
11:54 Feudal Age
12:33 Double-Bit Axe
19:19 Castle Age
19:22 Wheelbarrow
20:46 Stone Mining
21:46 Bow Saw
22:30 Gold Mining
23:47 Gold Shaft Mining
25:04 Hand Cart
24:35 Town Watch
32:57 Imperial Age
31:26 Ballistics
31:39 Treadmill Crane
33:21 Caravan
33:53 Coinage
35:09 Chemistry
33:57 Arrowslits
35:18 Conscription
34:35 Pikeman
35:15 Squires
35:28 Forging
35:18 Scale Mail Armor
35:09 Fletching
35:52 Halberdier
36:59 Cavalier
37:42 Husbandry
38:58 Iron Casting
38:38 Chain Mail Armor
38:30 Scale Barding Armor
39:31 Paladin
46:18 Elite Skirmisher
57:21 Light Cavalry
59:57 Plate Mail Armor
60:28 Blast Furnace
59:24 Bodkin Arrow
59:29 Padded Archer Armor
59:50 Chain Barding Armor
66:58 Leather Archer Armor
67:19 Plate Barding Armor
LordYeetus
1:48 Loom
12:35 Feudal Age
16:26 Castle Age
15:19 Double-Bit Axe
19:07 Horse Collar
20:52 Bow Saw
23:47 Fletching
27:48 Grand Trunk Road
29:01 Wheelbarrow
31:27 Imperial Age
30:29 Padded Archer Armor
30:25 Bodkin Arrow
31:03 Ballistics
30:54 Fortified Wall
30:45 Murder Holes
31:35 Heavy Plow
31:23 Town Watch
31:53 Hand Cart
34:11 Chemistry
33:31 Leather Archer Armor
33:16 Bracer
33:27 Forging
33:23 Scale Barding Armor
33:58 Conscription
34:06 Shatagni
35:37 Ring Archer Armor
36:02 Bloodlines
35:15 Light Cavalry
37:21 Elite Ghulam
38:22 Caravan
45:16 Heavy Camel Rider
45:58 Husbandry
47:31 Imperial Camel Rider
54:34 Thumb Ring
55:05 Pikeman
55:45 Squires
55:49 Scale Mail Armor
58:52 Chain Mail Armor
59:13 Iron Casting
59:04 Chain Barding Armor
58:38 Siege Elephant
67:37 Elite Skirmisher
71:58 Onager
76:24 Man-at-Arms
Senhor caixa d'água
5:07 Loom
11:23 Feudal Age
12:56 Double-Bit Axe
13:27 Horse Collar
16:07 Castle Age
16:42 Wheelbarrow
21:25 Bow Saw
21:02 Horse Collar
23:45 Town Watch
26:34 Caravan
28:00 Hand Cart
29:07 Heavy Plow
28:59 Gold Mining
29:50 Stone Mining
30:57 Town Patrol
31:32 Scale Barding Armor
31:37 Forging
34:22 Imperial Age
31:48 Fletching
31:59 Padded Archer Armor
31:59 Scale Mail Armor
32:02 Husbandry
32:55 Chain Barding Armor
32:53 Bloodlines
34:04 Iron Casting
35:11 Stone Shaft Mining
34:24 Cavalier
34:30 Onager
35:58 Paladin
37:37 Plate Barding Armor
40:34 Conscription
41:59 Light Cavalry
43:43 Winged Hussar
45:17 Guilds
48:05 Crop Rotation
48:52 Two-Man Saw
52:05 Padded Archer Armor
52:06 Scale Mail Armor
51:56 Fletching
53:25 Leather Archer Armor
52:41 Pikeman
53:22 Squires
54:30 Tower Shields
54:33 Hill Forts
54:47 Elite Skirmisher
55:59 Ring Archer Armor
55:25 Bodkin Arrow
55:45 Chain Mail Armor
57:22 Bracer
58:33 Coinage
88:06 Ballistics
NannoD
10:44 Feudal Age
10:43 Loom
15:01 Castle Age
15:19 Horse Collar
15:25 Double-Bit Axe
15:35 Gold Mining
15:50 Stone Mining
22:04 Wheelbarrow
25:31 Heavy Plow
25:55 Bow Saw
26:07 Squires
25:27 Pikeman
25:28 Man-at-Arms
28:13 Hand Cart
33:07 Imperial Age
32:37 Gold Shaft Mining
34:33 Ballistas
34:49 Comitatenses
34:50 Conscription
34:27 Elite Centurion
36:00 Forging
35:50 Scale Mail Armor
35:56 Scale Barding Armor
35:42 Fletching
35:52 Padded Archer Armor
35:19 Long Swordsman
35:19 Halberdier
36:01 Heavy Scorpion
36:42 Legionary
38:34 Iron Casting
38:15 Chain Mail Armor
39:52 Ballistics
40:35 Chemistry
39:56 Ballistics
41:42 Crop Rotation
43:38 Blast Furnace
43:00 Chain Barding Armor
42:36 Bodkin Arrow
42:56 Leather Archer Armor
44:32 Caravan
46:16 Elite Centurion
47:17 Conscription
46:20 Elite Centurion
JDTChief
5:41 Loom
13:05 Feudal Age
13:50 Double-Bit Axe
15:50 Wheelbarrow
17:28 Castle Age
15:40 Gold Mining
15:52 Stone Mining
15:46 Horse Collar
18:34 Bow Saw
19:20 Heavy Plow
20:39 Fletching
21:31 Wheelbarrow
21:34 Gold Shaft Mining
24:56 Hand Cart
24:30 Town Watch
27:43 Caravan
28:11 Bodkin Arrow
29:17 Ballistics
32:58 Imperial Age
32:15 Guard Tower
32:22 Murder Holes
32:08 Treadmill Crane
32:39 Masonry
33:05 Fortified Wall
33:15 Scale Mail Armor
33:27 Forging
33:58 Bracer
35:50 Two-Man Saw
35:51 Crop Rotation
36:33 Chemistry
35:40 Arrowslits
36:33 Keep
35:44 Arrowslits
36:27 Conscription
35:38 Pikeman
36:04 Gambesons
36:19 Squires
36:04 Arson
36:17 Halberdier
37:57 Architecture
37:33 Siege Engineers
37:00 Elite Varangian Guard
37:58 Chain Mail Armor
38:19 Iron Casting
39:29 Plate Mail Armor
39:05 Scale Barding Armor
40:25 Hoardings
40:19 Shield Wall
42:18 Coinage
42:35 Onager
42:39 Heavy Scorpion
44:56 Sappers
44:54 Elite Hearth Troop
45:53 Clerical Recruitment
46:40 Padded Archer Armor
47:01 Chain Barding Armor
48:21 Capped Ram
50:22 Siege Ram
55:31 Banking
62:29 Man-at-Arms
64:32 Long Swordsman
65:31 Two-Handed Swordsman
66:42 Champion
LordWhile
3:06 Loom
3:25 Loom
12:13 Feudal Age
16:15 Castle Age
14:39 Horse Collar
14:47 Double-Bit Axe
14:55 Gold Mining
15:37 Stone Mining
17:17 Bow Saw
18:37 Gold Shaft Mining
20:06 Wheelbarrow
26:41 Hand Cart
31:29 Imperial Age
31:38 Imperial Age
30:08 Pikeman
31:49 Padded Archer Armor
31:40 Fletching
32:13 Husbandry
32:23 Bloodlines
33:55 Conscription
35:23 Chemistry
34:43 Ballistics
34:40 Leather Archer Armor
34:22 Bodkin Arrow
34:32 Scale Barding Armor
34:33 Elite Ballista Elephant
36:24 Ring Archer Armor
35:47 Capped Ram
36:12 Halberdier
37:05 Caravan
37:29 Scale Mail Armor
37:39 Forging
39:02 Elite Battle Elephant
43:29 Heated Shot
48:40 Chain Barding Armor
48:36 Chain Mail Armor
51:48 Siege Ram
56:05 Masonry
57:54 Elite Skirmisher
59:56 Iron Casting
65:29 Plate Barding Armor
66:17 Double Crossbow
山~~林~~涼
1:52 Loom
14:23 Feudal Age
15:31 Double-Bit Axe
15:31 Horse Collar
16:31 Wheelbarrow
19:29 Castle Age
20:11 Heavy Plow
20:40 Bow Saw
23:57 Hand Cart
24:16 Town Watch
28:36 Fervor
33:09 Imperial Age
31:30 Fletching
31:51 Forging
31:41 Scale Mail Armor
34:04 Iron Casting
33:26 Bodkin Arrow
33:41 Padded Archer Armor
33:57 Chain Mail Armor
33:21 Pikeman
34:01 Squires
33:47 Arson
34:54 Conscription
35:10 Ballistics
36:00 Blast Furnace
35:06 Scale Barding Armor
35:18 Masonry
35:04 Murder Holes
36:23 Chemistry
35:20 Murder Holes
35:38 Masonry
37:05 Two-Man Saw
36:10 Bracer
36:49 Parthian Tactics
36:25 Gold Mining
36:25 Stone Mining
37:43 Gold Shaft Mining
37:39 Leather Archer Armor
36:59 Heavy Cavalry Archer
38:14 Halberdier
40:30 Chain Barding Armor
41:01 Town Patrol
43:21 Husbandry
43:31 Bloodlines
42:42 Light Cavalry
44:04 Plate Barding Armor
44:05 Elite Skirmisher
47:13 Caravan
48:03 Cavalier
48:03 Hussar
50:07 Paladin
80:16 Sappers
cihuncihome
12:24 Feudal Age
14:31 Town Watch
14:46 Double-Bit Axe
17:14 Castle Age
15:17 Horse Collar
18:47 Bow Saw
22:40 Gold Mining
23:56 Wheelbarrow
23:08 Loom
23:48 Stone Mining
25:27 Fletching
30:42 Imperial Age
29:13 Husbandry
30:19 Bloodlines
29:32 Light Cavalry
31:14 Hand Cart
31:40 Scale Barding Armor
33:06 Conscription
33:57 Chemistry
34:31 Chain Barding Armor
33:50 Hussar
35:27 Ballistics
36:03 Masonry
36:22 Bodkin Arrow
36:38 Heavy Cavalry Archer
44:13 Bracer
44:22 Siege Engineers
46:14 Padded Archer Armor
51:31 Leather Archer Armor
51:51 Plate Barding Armor
79:41 Elite Skirmisher
87:44 Heavy Plow
Connection lost

Rejoining the realm…

Still unreachable

The connection could not be restored.

Session expired

The server has moved on; the page needs a fresh start.